TOP OF THE 1ST |
Fresno Deplorables batting - Pitching for Seattle Pikes : RHP António Rijo
|
Pitching: RHP António Rijo
|
|
Batting: RHB Dani Vázquez
|
0-0: Ball 1-0: Foul Ball, location: 2F 1-1: Ball 2-1: Foul Ball, location: 2F 2-2: Ground out 4-3 (Groundball, 34)
|
Batting: LHB Paul Mullins
|
0-0: Ball 1-0: Swinging Strike 1-1: Ball 2-1: Ball 3-1: Called Strike 3-2: Foul Ball, location: 2F 3-2: Base on Balls
|
Batting: LHB Jeff Daniels
|
0-0: Ball 1-0: Called Strike 1-1: Ball 2-1: Swinging Strike 2-2: Foul Ball, location: 2F 2-2: Strikes out swinging
|
Batting: LHB Troy Donaldson
|
0-0: Called Strike 0-1: Ball 1-1: Ball 2-1: Foul Ball, location: 2F 2-2: Ball 3-2: DOUBLE (Line Drive, 9D) Paul Mullins to third Paul Mullins scores
|
Batting: RHB Paco Arellano
|
0-0: Ball 1-0: Ball 2-0: Called Strike 2-1: Ground out 4-3 (Groundball, 4S)
|
Top of the 1st over - 1 run(s), 1 hit(s), 0 error(s), 1 left on base; Fresno 1 - Seattle 0 |
BOTTOM OF THE 1ST |
Seattle Pikes batting - Pitching for Fresno Deplorables : RHP Nelson Ortega
|
Pitching: RHP Nelson Ortega
|
|
Batting: LHB Roberto Lozano
|
0-0: Ball 1-0: Ball 2-0: Foul Ball, location: 2F 2-1: Ground out 5-3 (Groundball, 56S)
|
Batting: LHB Eduardo Gómez
|
0-0: Called Strike 0-1: Called Strike 0-2: Foul Ball, location: 2F 0-2: Strikes out swinging
|
Batting: RHB Manuel Rico
|
0-0: Swinging Strike 0-1: Ball 1-1: Ball 2-1: Ball 3-1: Swinging Strike 3-2: Foul Ball, location: 2F 3-2: Foul Ball, location: 2F 3-2: Foul Ball, location: 2F 3-2: Foul Ball, location: 2F 3-2: SINGLE (Line Drive, 6M)
|
Batting: RHB Iván Gonzáles
|
0-0: Ball 1-0: Fly out, F7 (Flyball, 78XD)
|
Bottom of the 1st over - 0 run(s), 1 hit(s), 0 error(s), 1 left on base; Fresno 1 - Seattle 0 |
TOP OF THE 2ND |
Fresno Deplorables batting - Pitching for Seattle Pikes : RHP António Rijo
|
Batting: RHB Manolo Román
|
0-0: SINGLE (Flyball, 9S)
|
Batting: LHB Keith Beard
|
0-0: Fly out, F9 (Flyball, 9LMF)
|
Batting: RHB R.J. Parker
|
0-0: Called Strike 0-1: Ball 1-1: Ball 2-1: Ball 3-1: Called Strike 3-2: Grounds into double play, 5-4-3 (Groundball, 56)
|
Top of the 2nd over - 0 run(s), 1 hit(s), 0 error(s), 0 left on base; Fresno 1 - Seattle 0 |
BOTTOM OF THE 2ND |
Seattle Pikes batting - Pitching for Fresno Deplorables : RHP Nelson Ortega
|
Batting: RHB Pete Rideout
|
0-0: Ball 1-0: SINGLE (Groundball, 56) (infield hit)
|
Batting: RHB Bill Mark
|
0-0: Ball 1-0: Called Strike 1-1: Ball 2-1: Ball 3-1: Grounds into double play, 6-4-3 (Groundball, 6)
|
Batting: RHB Robert Johnson
|
0-0: Called Strike 0-1: Foul Ball, location: 2F 0-2: Ball 1-2: Fly out, F9 (Flyball, 9)
|
Bottom of the 2nd over - 0 run(s), 1 hit(s), 0 error(s), 0 left on base; Fresno 1 - Seattle 0 |
TOP OF THE 3RD |
Fresno Deplorables batting - Pitching for Seattle Pikes : RHP António Rijo
|
Batting: LHB Jeff Doss
|
0-0: Ball 1-0: Ball 2-0: Swinging Strike 2-1: Called Strike 2-2: Foul Ball, location: 2F 2-2: Strikes out swinging
|
Batting: RHB Dani Vázquez
|
0-0: Ground out 5-3 (Groundball, 56)
|
Batting: LHB Paul Mullins
|
0-0: SINGLE (Flyball, 7S)
|
Batting: LHB Jeff Daniels
|
0-0: Foul Ball, location: 2F 0-1: SINGLE (Line Drive, 34) Paul Mullins to second Runner from 2nd tries for 3rd, OUT!
|
Top of the 3rd over - 0 run(s), 2 hit(s), 0 error(s), 1 left on base; Fresno 1 - Seattle 0 |
BOTTOM OF THE 3RD |
Seattle Pikes batting - Pitching for Fresno Deplorables : RHP Nelson Ortega
|
Batting: LHB Brandon Cummings
|
0-0: Fly out, F7 (Flyball, 7LSF)
|
Batting: RHB Henning Huisman
|
0-0: Ground out 5-3 (Groundball, 56S)
|
Batting: LHB Roberto Lozano
|
0-0: Swinging Strike 0-1: Called Strike 0-2: Ball 1-2: Fly out, F8 (Flyball, 8RM)
|
Bottom of the 3rd over - 0 run(s), 0 hit(s), 0 error(s), 0 left on base; Fresno 1 - Seattle 0 |
TOP OF THE 4TH |
Fresno Deplorables batting - Pitching for Seattle Pikes : RHP António Rijo
|
Batting: LHB Troy Donaldson
|
0-0: Called Strike 0-1: Ground out U3 (Groundball, 34)
|
Batting: RHB Paco Arellano
|
0-0: Called Strike 0-1: Foul Ball, location: 2F 0-2: Strikes out looking
|
Batting: RHB Manolo Román
|
0-0: Called Strike 0-1: Foul Ball, location: 2F 0-2: Ball 1-2: Foul Ball, location: 2F 1-2: SINGLE (Groundball, 4MD)
|
Batting: LHB Keith Beard
|
0-0: Called Strike 0-1: Foul Ball, location: 2F 0-2: Ground out 1-3 (Groundball, 13)
|
Top of the 4th over - 0 run(s), 1 hit(s), 0 error(s), 1 left on base; Fresno 1 - Seattle 0 |
BOTTOM OF THE 4TH |
Seattle Pikes batting - Pitching for Fresno Deplorables : RHP Nelson Ortega
|
Batting: LHB Eduardo Gómez
|
0-0: Ball 1-0: Swinging Strike 1-1: Foul Ball, location: 2F 1-2: Ball 2-2: Strikes out swinging
|
Batting: RHB Manuel Rico
|
0-0: Swinging Strike 0-1: Ball 1-1: Ball 2-1: Foul Ball, location: 2F 2-2: Fly out, F9 (Flyball, 9LMF)
|
Batting: RHB Iván Gonzáles
|
0-0: Called Strike 0-1: Ball 1-1: Called Strike 1-2: Ball 2-2: Foul Ball, location: 2F 2-2: Ball 3-2: Foul Ball, location: 2F 3-2: Ground out 4-3 (Groundball, 4M)
|
Bottom of the 4th over - 0 run(s), 0 hit(s), 0 error(s), 0 left on base; Fresno 1 - Seattle 0 |
TOP OF THE 5TH |
Fresno Deplorables batting - Pitching for Seattle Pikes : RHP António Rijo
|
Batting: RHB R.J. Parker
|
0-0: Called Strike 0-1: Called Strike 0-2: Strikes out swinging
|
Batting: LHB Jeff Doss
|
0-0: Ball 1-0: Ground out U3 (Groundball, 34)
|
Batting: RHB Dani Vázquez
|
0-0: Foul Ball, location: 2F 0-1: Swinging Strike 0-2: Ball 1-2: Ball 2-2: Fly out, F8 (Flyball, 8LS)
|
Top of the 5th over - 0 run(s), 0 hit(s), 0 error(s), 0 left on base; Fresno 1 - Seattle 0 |
BOTTOM OF THE 5TH |
Seattle Pikes batting - Pitching for Fresno Deplorables : RHP Nelson Ortega
|
Batting: RHB Pete Rideout
|
0-0: Called Strike 0-1: Ball 1-1: Ground out 6-3 (Groundball, 6)
|
Batting: RHB Bill Mark
|
0-0: Foul Ball, location: 2F 0-1: Ball 1-1: Called Strike 1-2: Foul Ball, location: 2F 1-2: Strikes out swinging
|
Batting: RHB Robert Johnson
|
0-0: Swinging Strike 0-1: SINGLE (Flyball, 8LS)
|
Batting: LHB Brandon Cummings
|
0-0: Called Strike 0-1: Ball 1-1: Foul Ball, location: 2F 1-2: Strikes out swinging
|
Bottom of the 5th over - 0 run(s), 1 hit(s), 0 error(s), 1 left on base; Fresno 1 - Seattle 0 |
TOP OF THE 6TH |
Fresno Deplorables batting - Pitching for Seattle Pikes : RHP António Rijo
|
Batting: LHB Paul Mullins
|
0-0: Called Strike 0-1: Ball 1-1: Swinging Strike 1-2: Strikes out swinging
|
Batting: LHB Jeff Daniels
|
0-0: Called Strike 0-1: Foul Ball, location: 2F 0-2: Ball 1-2: Ball 2-2: Foul Ball, location: 2F 2-2: DOUBLE (Line Drive, 89D)
|
Batting: LHB Troy Donaldson
|
0-0: Swinging Strike 0-1: Foul Ball, location: 2F 0-2: Ball 1-2: Strikes out swinging
|
Batting: RHB Paco Arellano
|
0-0: Ball 1-0: Called Strike 1-1: Swinging Strike 1-2: Ball 2-2: Ground out 4-3 (Groundball, 4D)
|
Top of the 6th over - 0 run(s), 1 hit(s), 0 error(s), 1 left on base; Fresno 1 - Seattle 0 |
BOTTOM OF THE 6TH |
Seattle Pikes batting - Pitching for Fresno Deplorables : RHP Nelson Ortega
|
Batting: RHB Henning Huisman
|
0-0: Ball 1-0: Ball 2-0: Called Strike 2-1: Ball 3-1: SINGLE (Line Drive, 78S)
|
Batting: LHB Roberto Lozano
|
0-0: Called Strike 0-1: Grounds into double play, 5-4-3 (Groundball, 56)
|
Batting: LHB Eduardo Gómez
|
0-0: Called Strike 0-1: Foul Ball, location: 2F 0-2: Fly out, F7 (Flyball, 7LS)
|
Bottom of the 6th over - 0 run(s), 1 hit(s), 0 error(s), 0 left on base; Fresno 1 - Seattle 0 |
TOP OF THE 7TH |
Fresno Deplorables batting - Pitching for Seattle Pikes : RHP António Rijo
|
Batting: RHB Manolo Román
|
0-0: Swinging Strike 0-1: Swinging Strike 0-2: Ball 1-2: Ball 2-2: Ball 3-2: Fly out, F8 (Flyball, 8RD)
|
Batting: LHB Keith Beard
|
0-0: Foul Ball, location: 2F 0-1: Ball 1-1: Ball 2-1: Called Strike 2-2: Foul Ball, location: 2F 2-2: Ball 3-2: Ground out 3-1 (Groundball, 34)
|
Batting: RHB R.J. Parker
|
0-0: Ball 1-0: Ball 2-0: Fly out, F9 (Line Drive, 9D)
|
Top of the 7th over - 0 run(s), 0 hit(s), 0 error(s), 0 left on base; Fresno 1 - Seattle 0 |
BOTTOM OF THE 7TH |
Seattle Pikes batting - Pitching for Fresno Deplorables : RHP Nelson Ortega
|
Batting: RHB Manuel Rico
|
0-0: Ball 1-0: SINGLE (Groundball, 56D)
|
Pinch Hitting: SHB António Hernández
|
0-0: Ball 1-0: Ball 2-0: DOUBLE (Line Drive, 78M) Manuel Rico to third
|
Batting: RHB Pete Rideout
|
0-0: Ball 1-0: SINGLE (Groundball, 56D) Manuel Rico scores António Hernández to third
|
Batting: RHB Bill Mark
|
0-0: Called Strike Pete Rideout is caught stealing 2nd base 0-1: Swinging Strike 0-2: Foul Ball, location: 2F 0-2: Ball 1-2: SINGLE (Groundball, 6MD) António Hernández scores
|
Batting: RHB Robert Johnson
|
0-0: Ball 1-0: Called Strike 1-1: Ball 2-1: SINGLE (Line Drive, 89S) Bill Mark to second Runner from 2nd tries for 3rd, SAFE, no throw
|
Pitching: LHP Jerry Beck
|
|
Batting: LHB Brandon Cummings
|
0-0: Swinging Strike 0-1: Fly out, F8 (Flyball, 8LM) Runner from 3rd tags up, SCORES, throw made
|
Batting: RHB Henning Huisman
|
0-0: Ball 1-0: Fielders Choice at 2nd, 6-4 (Groundball, 6)
|
Bottom of the 7th over - 3 run(s), 5 hit(s), 0 error(s), 0 left on base; Fresno 1 - Seattle 3 |
TOP OF THE 8TH |
Fresno Deplorables batting - Pitching for Seattle Pikes : RHP António Rijo
|
Pitching: LHP Jesús Martínez
|
|
Now at 3B: António Hernández
|
|
Batting: LHB Jeff Doss
|
0-0: Ball 1-0: Called Strike 1-1: Foul Ball, location: 2F 1-2: Ball 2-2: Ball 3-2: Foul Ball, location: 2F 3-2: Strikes out swinging
|
Batting: RHB Dani Vázquez
|
0-0: Ball 1-0: Foul Ball, location: 2F 1-1: Called Strike 1-2: Ground out 6-3 (Groundball, 6)
|
Batting: LHB Paul Mullins
|
0-0: Ball 1-0: Ball 2-0: Called Strike 2-1: Foul Ball, location: 2F 2-2: Ball 3-2: SOLO HOME RUN (Flyball, 89D), Distance : 441 ft
|
Pitching: LHP Manny Sandoval
|
|
Batting: LHB Jeff Daniels
|
0-0: Ball 1-0: Called Strike 1-1: Called Strike 1-2: Strikes out swinging
|
Top of the 8th over - 1 run(s), 1 hit(s), 0 error(s), 0 left on base; Fresno 2 - Seattle 3 |
BOTTOM OF THE 8TH |
Seattle Pikes batting - Pitching for Fresno Deplorables : LHP Jerry Beck
|
Batting: LHB Roberto Lozano
|
0-0: Ball 1-0: Ground out 5-3 (Groundball, 5)
|
Batting: LHB Eduardo Gómez
|
0-0: SINGLE (Line Drive, 9LS)
|
Batting: RHB Manuel Rico
|
0-0: SINGLE (Line Drive, 6D) Eduardo Gómez to second
|
Pinch Hitting: RHB Arnold Harmon
|
0-0: Ball 1-0: Swinging Strike 1-1: Fielders Choice at 2nd, 4-6 (Groundball, 4) Eduardo Gómez to third
|
Batting: RHB Pete Rideout
|
0-0: Ball 1-0: Fly out, F9 (Flyball, 89S)
|
Bottom of the 8th over - 0 run(s), 2 hit(s), 0 error(s), 2 left on base; Fresno 2 - Seattle 3 |
TOP OF THE 9TH |
Fresno Deplorables batting - Pitching for Seattle Pikes : LHP Manny Sandoval
|
Pitching: LHP Cristián Escobar
|
|
Now at 3B: Arnold Harmon
|
|
Batting: LHB Troy Donaldson
|
0-0: Ball 1-0: Ball 2-0: Ball 3-0: Foul Ball, location: 2F 3-1: Foul Ball, location: 2F 3-2: Ground out 3-1 (Groundball, 34)
|
Batting: RHB Paco Arellano
|
0-0: Ball 1-0: Ball 2-0: Called Strike 2-1: Ball 3-1: Called Strike 3-2: Strikes out looking
|
Batting: RHB Manolo Román
|
0-0: Hit by Pitch
|
Batting: LHB Keith Beard
|
0-0: Called Strike 0-1: Called Strike 0-2: Strikes out swinging
|
Top of the 9th over - 0 run(s), 0 hit(s), 0 error(s), 1 left on base; Fresno 2 - Seattle 3 |
|